 Dungeon Crawl Stone Soup version 0.31-a0-233-g139696dc86 (webtiles) character file.

Game seed: 6071368187472288693

57 Iniera the Digger (level 3, -1/19 HPs)
             Began as a Deep Elf Earth Elementalist on July 10, 2023.
             Slain by a goblin
             ... wielding a +0 dagger
             ... led by Robin
              (5 damage)
             ... on level 2 of the Dungeon.
             The game lasted 00:01:35 (1185 turns).

Iniera the Digger (Deep Elf Earth Elementalist)     Turns: 1185, Time: 00:01:35

Health: -1/19      AC:  3    Str:  5    XL:     3   Next: 73%
Magic:  7/10       EV: 13    Int: 21    God:
Gold:   53         SH:  0    Dex: 15    Spells: 6/9 levels left

rFire   . . .        i - +0 dagger (venom)
rCold   . . .        (no shield)
rNeg    . . .        a - +1 robe
rPois   .            (no helmet)
rElec   .            (no cloak)
rCorr   .            (no gloves)
SInv    .            (no boots)
Will    .....        (no amulet)
Stlth   ++           (no ring)
HPRegen 0.23/turn    (no ring)
MPRegen 0.12/turn

%: no passive effects
@: very slightly contaminated
A: no striking features
a: no special abilities


You were on level 2 of the Dungeon.
You visited 1 branch of the dungeon, and saw 2 of its levels.

You collected 53 gold pieces.

Inventory:

Hand Weapons
 i - a +0 dagger of venom (weapon)
Armour
 a - a +1 robe (worn)
Scrolls
 c - a scroll of vulnerability
 f - a scroll of teleportation
 k - a scroll of fog
Potions
 b - a potion of magic
 g - a potion of curing {unknown}
 h - a potion of lignification {unknown}


   Skills:
 + Level 3.0 Dodging
 + Level 3.0 Stealth
 + Level 3.6 Spellcasting
 + Level 1.3 Conjurations
 + Level 1.7 Transmutations
 + Level 3.7 Earth Magic


You had 6 spell levels left.
You knew the following spells:

 Your Spells              Type           Power      Damage    Failure   Level
a - Sandblast             Erth           38%        2d10      2%          1
b - Passwall              Tmut/Erth      12%        N/A       6%          2

Your spell library contained the following spells:

 Spells                   Type           Power      Damage    Failure   Level
 Wereblood                Tmut           11%        N/A       10%         2
 Stone Arrow              Conj/Erth      28%        3d8       13%         3
 Sublimation of Blood     Necr           3%         N/A       19%         2
 Petrify                  Tmut/Erth      15%        N/A       38%         4
 Summon Hydra             Summ           1%         N/A       100%        7


Dungeon Overview and Level Annotations

Branches:
Dungeon (2/15)

Altars:

Annotations:
D:2 Robin


Message History

The hobgoblin attacks as you move away! The hobgoblin closely misses you.
The goblin attacks as you move away! The goblin hits you with a +0 club.
You kill the hobgoblin!
Robin points. "Kill!"
You feel much better. The goblin completely misses you.
You see here a stone.
The goblin attacks as you move away! The goblin hits you with a +0 club.
Robin throws the goblin at you! The goblin closely misses you.
Aiming: Sandblast (safe; 2% risk of failure)
Press: ? - help, Q - select action, (/) - cycle Shift-Dir - straight line, f - goblin
Aim: a goblin, wielding a +0 club (strong, 77% to hit)
The blast of sand hits the goblin!
You kill the goblin!
The goblin barely misses you. Robin throws the goblin at you!
The goblin hits you with a +0 club. The goblin hits you with a +0 dagger.
You hit the goblin.
The goblin is severely wounded.
The goblin hits you but does no damage. The goblin hits you with a +0 dagger.
Robin throws the goblin at you! The goblin barely misses you.
Aiming: Sandblast (safe; 2% risk of failure)
Press: ? - help, Q - select action, (/) - cycle Shift-Dir - straight line, f - goblin
Aim: a goblin, wielding a +0 dagger (severely wounded, strong, 77% to hit)
You miscast Sandblast.
You are very lightly contaminated with residual magic.
Nothing appears to happen.
The goblin closely misses you. x2; The goblin barely misses you.
The goblin hits you with a +0 dagger. The goblin barely misses you.
You completely miss the goblin.
The goblin is severely wounded.
The goblin closely misses you. The goblin misses you. x4
Aiming: Sandblast (safe; 2% risk of failure)
Press: ? - help, Q - select action, (/) - cycle Shift-Dir - straight line, f/p - goblin
Aim: a goblin, wielding a +0 dagger (severely wounded, strong, 77% to hit)
You miscast Sandblast.
Nothing appears to happen.
The goblin hits you with a +0 club.
* * * LOW HITPOINT WARNING * * *
The goblin hits you with a +0 dagger.
* * * LOW HITPOINT WARNING * * *
The goblin barely misses you. The goblin hits you with a +0 dagger.
You die...

####.......#
#........###
#.##......#####.# #
#............#
#.......#####
#.......#######
#.............# #
#############g##.##
# ###@g...### #.###
#gggg...... #....
#ggg#.#...# ##...
#..##.# >.. .....
#.....)..# ## ..
##... '........# .
..... #.....(...
..... #...#######
##### '...


You could see Robin, a hobgoblin (strong) and 7 goblins.

Vanquished Creatures
  An adder (D:2)
  5 dart slugs
  3 ball pythons (D:2)
  5 bats
  3 endoplasms
  5 goblins
  4 hobgoblins
  A quokka (D:1)
  3 frilled lizards (D:1)
  5 kobolds
  2 rats (D:1)
37 creatures vanquished.

Notes
Turn   | Place    | Note
-------+----------+-------------------------------------------
     0 | D:1      | Iniera the Deep Elf Earth Elementalist began the quest for
                  | the Orb.
     0 | D:1      | Reached XP level 1. HP: 10/10 MP: 6/6
   146 | D:1      | Reached XP level 2. HP: 15/15 MP: 6/8
   305 | D:1      | Learned a level 2 spell: Passwall
   514 | D:1      | Reached skill level 1 in Conjurations
   896 | D:2      | Reached XP level 3. HP: 19/19 MP: 6/9
  1174 | D:2      | Noticed Robin
  1185 | D:2      | Slain by a goblin

Illustrated notes

Levels and vault maps discovered:
D:1:      zelgadis_glass_arrival_small, layout_basic,
          hangedman_abyss_or_decor_stabs
D:2:      layout_basic, chequers_ecumenical_altar_twisty, serial_shops,
          nicolae_shop_competitors_out_of_business, uniq_robin

Skill      XL: |  1  2  3 |
---------------+----------+-----
Conjurations   | 1 |  1.3
Stealth        | 3 |  3.0
Dodging        | 3 |  3.0
Spellcasting   | |  3.6
Transmutations | |  1.7
Earth Magic    | |  3.7

Action                     || total
---------------------------++-------
  Melee: Unarmed           ||     1
         Dagger            ||    17
         Short sword       ||     2
   Cast: Sandblast         ||    38
    Use: Scroll            ||     5
         Potion            ||     1
   Stab: Sleeping          ||     2
 Armour: Robe              ||     8
  Dodge: Dodged            ||    32

Table legend: (Time is in decaauts)
 A = Elapsed time spent in this place.
 B = Non-inter-level travel time spent in this place.
 C = Inter-level travel time spent in this place.
 D = Time resting spent in this place.
 E = Time spent auto-exploring this place.
 F = Levels seen in this place.
 G = Mean time per level.
                   A        B        C        D        E       F      G
               +--------+--------+--------+--------+--------+-----+--------+
         Total |   1202 |   1188 |     14 |      0 |    989 |   2 |  601.0 |
       Dungeon |   1202 |   1188 |     14 |      0 |    989 |   2 |  601.0 |
               +--------+--------+--------+--------+--------+-----+--------+

Top non-repeatable levels by time:
     D:1: 773 daAuts
     D:2: 429 daAuts
